 Dungeon Crawl Stone Soup version 0.26-a0-58-g79b31b8662 (webtiles) character file.

Game seed: 10794107077665760417

19 BritishOli the Skirmisher (level 2, -2/24 HPs)
             Began as a Demonspawn Monk on June 8, 2020.
             Slain by a gnoll
             ... wielding a +0 halberd
              (12 damage)
             ... on level 1 of the Dungeon.
             The game lasted 00:02:25 (1206 turns).

BritishOli the Skirmisher (Demonspawn Monk)         Turns: 1206, Time: 00:02:26

Health: -2/24      AC:  5    Str: 11    XL:     2   Next: 55%
Magic:  2/2        EV: 13    Int: 11    God:
Gold:   155        SH:  0    Dex: 15    Spells: 1/1 levels left

rFire    . . .     SeeInvis .   a - +0 falchion
rCold    . . .     Gourm    .   (no shield)
rNeg     + . .     Faith    .   g - +0 leather armour
rPois    .         Spirit   .   (no helmet)
rElec    .         Reflect  .   (no cloak)
rCorr    .         Harm     .   (no gloves)
MR       .....                  (no boots)
Stlth    ++........             (no amulet)
HPRegen  0.08/turn              k - ring of positive energy
MPRegen  0.08/turn              (no ring)

@: no status effects
A: yellow scales 1
a: no special abilities


You were on level 1 of the Dungeon.
You were not hungry.

You visited 1 branch of the dungeon, and saw 2 of its levels.

You collected 155 gold pieces.

Inventory:

Hand Weapons
 a - a +0 falchion (weapon)
Missiles
 d - a throwing net (quivered)
Armour
 g - a +0 leather armour (worn)
Jewellery
 k - a ring of positive energy (left hand)
Scrolls
 e - a scroll of magic mapping {unknown}
 h - a scroll of identify {unknown}
Potions
 b - a potion of degeneration {unknown}
 f - a potion of flight {unknown}
 j - a potion of stabbing {unknown}
Comestibles
 c - 3 rations


   Skills:
 + Level 3.2 Fighting
 + Level 2.9 Long Blades
 + Level 0.1 Armour
 + Level 2.9 Dodging
 - Level 2.1 Stealth


You had one spell level left.
You didn't know any spells.
Your spell library was empty.

Dungeon Overview and Level Annotations

Branches:
Dungeon (2/15)

Altars:


Innate Abilities, Weirdness & Mutations

You are partially covered in yellow scales. (AC +2)


Message History

The gnoll hits you with a +0 spear!
You barely miss the gnoll.
The gnoll is lightly wounded.
The gnoll hits you from afar with a +0 halberd!
* * * LOW HITPOINT WARNING * * *
The gnoll closely misses you. The gnoll misses you.
The gnoll hits you but does no damage.
There is an open door here.
The gnoll falls through a shaft!
The shaft crumbles and collapses.
There is a stone staircase leading down here.
You climb downwards.
There is a stone staircase leading up here.
You start resting.
The gnoll is too close now for your liking.
You climb upwards.
There is a stone staircase leading down here.
The gnoll hits you from afar with a +0 halberd!
Ouch! That really hurt!
You die...

#......# ######## #......#
#......# #......# ♣♣
#......###......# #♣♣♣♣.
#.......).......# #.....
#............#### #.....
########............# #.8..8
.................)..# #..÷..
................@...# #.....
........####........# #.8..8
.........###(...g...#### #.....
.........+..>.......+..# #.....
.........##.........##.#####.....
##..................+...)..#.....
#........#.........##.###.#.....
#.....[..#.......####.# #.......
######'###.###...# #.# #.#.....


You could see a gnoll.

Vanquished Creatures
  3 bats (D:1)
  4 goblins (D:1)
  5 hobgoblins (D:1)
  3 kobolds (D:1)
  A rat (D:1)
16 creatures vanquished.

Notes
Turn   | Place    | Note
-------+----------+-------------------------------------------
     0 | D:1      | BritishOli the Demonspawn Monk began the quest for the Orb.
     0 | D:1      | Reached XP level 1. HP: 18/18 MP: 1/1
   289 | D:1      | Gained mutation: You are partially covered in yellow
                  | scales. (AC +2) [demonic ancestry]
   289 | D:1      | Reached XP level 2. HP: 16/24 MP: 2/2
  1206 | D:1      | Slain by a gnoll

Illustrated notes

Levels and vault maps discovered:
D:1:      giann_forest_graveyard, layout_basic, minmay_domino_4
D:2:      layout_basic, hex_intersection, elyvilon_altar_4, uniq_sigmund

Skill      XL: |  1 |
---------------+----+-----
Stealth        | 2 |  2.1
Fighting       | |  3.2
Long Blades    | |  2.9
Armour         | |  0.1
Dodging        | |  2.9

Action                   || total
-------------------------++-------
Melee: Falchion          ||    54
 Stab: Sleeping          ||     1
  Eat: Chunk             ||     1
Armor: Robe              ||     5
       Leather armour    ||     5
Dodge: Dodged            ||    62
       Rpst.: Falchion   ||    13

Table legend:
 A = Non-vault XP
 B = Vault XP
 C = Vault XP percentage of total XP
 D = Non-vault monster count
 E = Vault monster count
 F = Vault count percentage of total count
                 A         B        C        D         E       F
            +---------+---------+-------+---------+---------+-------
      Total |      21 |       7 |  25.0 |      12 |       4 |  25.0
            +---------+---------+-------+---------+---------+-------
        D:1 |      21 |       7 |  25.0 |      12 |       4 |  25.0
            +---------+---------+-------+---------+---------+-------
